 Dungeon Crawl Stone Soup version 0.28-a0-1087-gf3fc490d9d (webtiles) character file.

Game seed: 13229202497648745561

900 spaghetti the Fighter (level 8, -6/67 HPs)
             Began as an Octopode Chaos Knight on Dec 10, 2021.
             Was a Plaything of Xom.
             Mangled by Duvessa (9 damage)
             ... on level 5 of the Dungeon.
             The game lasted 00:07:37 (5166 turns).

spaghetti the Fighter (Octopode Chaos Knight)       Turns: 5166, Time: 00:07:38

Health: -6/67      AC:  1    Str: 12    XL:     8   Next: 7%
Magic:  9/9        EV: 19    Int: 14    God:    Xom [.....*]
Gold:   133        SH:  0    Dex: 17    Spells: 10/10 levels left

rFire   . . .      SeeInvis .   e - +2 dagger (venom)
rCold   . . .      Faith    .   (no shield)
rNeg    + . .      Spirit   .   (helmet restricted)
rPois   .          Reflect  .   (no amulet)
rElec   .          Harm     .   i - +4 ring of evasion
rCorr   .          Rampage  .   l - +6 ring of dexterity
Will    .....                   n - ring of positive energy
Stlth   +++.......              (no ring)
HPRegen 0.00/turn               (no ring)
MPRegen 0.11/turn               (no ring)
                                (no ring)
                                (no ring)

@: mighty, inhibited regen
A: almost no armour, amphibious, 8 rings, camouflage 1, gelatinous body 1,
(nimble swimmer 1), tentacles, dopey 1, low mp 1, robust 1, inhibited
regeneration
a: Renounce Religion


You were on level 5 of the Dungeon.
You worshipped Xom.
You were Xom's teddy bear.
You visited 1 branch of the dungeon, and saw 5 of its levels.

You collected 133 gold pieces.

Inventory:

Hand Weapons
 a - a +0 spear of chaos
 e - a +2 dagger of venom (weapon)
Magical Staves
 j - a staff of air
 q - a staff of poison
Jewellery
 i - a +4 ring of evasion (left tentacle)
 l - a +6 ring of dexterity (right tentacle)
 n - a ring of positive energy (on tentacle)
Wands
 r - a wand of acid (6)
Scrolls
 b - 2 scrolls of immolation {unknown}
 c - 2 scrolls of fear {unknown}
 d - a scroll of torment {unknown}
 f - 2 scrolls of teleportation {unknown}
 h - 4 scrolls of identify {unknown}
 k - 2 scrolls of noise {unknown}
 m - 2 scrolls of amnesia {unknown}
 p - 2 scrolls of brand weapon {unknown}


   Skills:
 + Level 8.3 Fighting
 - Level 3.0 Polearms
 + Level 4.4 Dodging
 - Level 1.7 Spellcasting


You had 10 spell levels left.
You didn't know any spells.
Your spell library contained the following spells:

 Spells                   Type           Power      Damage    Failure   Level
 Slow                     Hex            4%         N/A       24%         1
 Confusing Touch          Hex            1%         N/A       58%         3
 Vampiric Draining        Necr           1%         2d6       58%         3


Dungeon Overview and Level Annotations

Branches:
Dungeon (5/15)
 Temple: D:4-7

Altars:
Cheibriados
Hepliaklqana
Zin

Annotations:
D:5 Duvessa


Innate Abilities, Weirdness & Mutations

You cannot wear most types of armour.
You are amphibious.
You can wear up to eight rings at the same time.
Your skin changes colour to match your surroundings (Stealth+).
Your rubbery body absorbs attacks. (AC +1, EV +1)
((You are camouflaged near water. (Stealth+)))
You have tentacles for arms and can constrict up to eight enemies at once.
You are dopey. (Int -2)
Your magical capacity is low. (-10% MP)
You are robust. (+10% HP)
You do not regenerate when monsters are visible.


Message History

Your neqoxec hits Duvessa but does no damage.
You hit Duvessa but do no damage.
Duvessa is poisoned.
Duvessa is moderately wounded.
You constrict Duvessa. Duvessa hits you with a +0 short sword!
Your neqoxec hits Duvessa!
You are too injured to fight recklessly!
You are too injured to fight recklessly!
You are too injured to fight recklessly!
You are too injured to fight recklessly!
You are too injured to fight recklessly!
You are too injured to fight recklessly!
You are too injured to fight recklessly!
You are too injured to fight recklessly!
You are too injured to fight recklessly!
You are too injured to fight recklessly!
You are too injured to fight recklessly!
You are too injured to fight recklessly!
You are too injured to fight recklessly!
You are too injured to fight recklessly!
You are too injured to fight recklessly!
You are too injured to fight recklessly!
You are too injured to fight recklessly!
You are too injured to fight recklessly!
You are too injured to fight recklessly!
You are too injured to fight recklessly!
You are too injured to fight recklessly!
You are too injured to fight recklessly!
You are too injured to fight recklessly!
You hit Duvessa.
Duvessa looks as sick as possible!
Duvessa is heavily wounded.
You constrict Duvessa. Duvessa hits you with a +0 short sword.
* * * LOW HITPOINT WARNING * * *
Duvessa hits you with a +0 short sword!
* * * LOW HITPOINT WARNING * * *
Your neqoxec hits Duvessa.
It was a potion of might.
You feel very mighty all of a sudden.
Xom thinks this is hilarious!
You constrict Duvessa. Duvessa hits you with a +0 short sword!
You die...

##.# #.# #.# .# #†# #.##
#.# #.# #..# #.# #.# ##.#
..# #.# #.##### #.# #.#
#.....# #.# #.#
#.###.#########.# #.#
##...# #....3e@).# #.#
###....#.#########.# #.#
...._......## #.# #.#
.#....####..# #)# #.#
.#...## #.# #.# #.# .###.#
#.# #.# #.# .....# #.# #.#
#.#
####.######.######.#####.#
.##......................#


You could see Duvessa (berserk, extremely poisoned, ally target) and a friendly
neqoxec (summoned).

Vanquished Creatures
  A sky beast (D:5)
  An ogre (D:4)
  2 necrophages
  A scorpion (D:5)
  Dowan (D:5)
  3 hounds
  A scorpion zombie (D:5)
  2 iguanas (D:5)
  Ijyb (D:5)
  4 orc wizards
  A mummy (D:5)
  5 adders
  2 worms
  2 dart slugs
  6 orcs
  4 bats
  7 endoplasms
  3 giant cockroaches
  11 goblins
  4 hobgoblins
  4 jackals (D:1)
  7 kobolds
  3 quokkas
  4 ball pythons
  4 frilled lizards
  8 rats
92 creatures vanquished.

Notes
Turn   | Place    | Note
-------+----------+-------------------------------------------
     0 | D:1      | spaghetti the Octopode Chaos Knight began the quest for the
                  | Orb.
     0 | D:1      | Reached XP level 1. HP: 16/16 MP: 1/1
   162 | D:1      | Reached skill level 1 in Spellcasting
   207 | D:1      | Reached XP level 2. HP: 21/21 MP: 4/4
   214 | D:1      | XOM: silly message
   354 | D:1      | XOM: divination: detect items
   414 | D:1      | XOM: god gift: bloodstained leather armour {god gift}
   414 | D:1      | Identified the +2 leather armour of the Tanner {rF+ Str-5
                  | Slay+3} (Xom gifted it to you on level 1 of the Dungeon)
   475 | D:1      | XOM: silly message
   649 | D:1      | XOM: divination: detect items
   836 | D:1      | XOM: summons 1 hostile shadow creature
   883 | D:1      | XOM: summons friendly white imp
   884 | D:1      | Reached XP level 3. HP: 25/26 MP: 5/5
   999 | D:1      | XOM: give mutations
   999 | D:1      | Gained mutation: You are dopey. (Int -2) [Xom's mischief]
   999 | D:1      | Gained mutation: You are robust. (+10% HP) [Xom's mischief]
   999 | D:1      | Gained mutation: You do not regenerate when monsters are
                  | visible. [Xom's mischief]
   999 | D:1      | Gained mutation: You sometimes lose the ability to read
                  | scrolls when taking damage. [Xom's mischief]
  1155 | D:2      | Found a faded altar of an unknown god.
  1170 | D:2      | Reached skill level 4 in Fighting
  1170 | D:2      | Reached XP level 4. HP: 15/36 MP: 6/6
  1175 | D:2      | XOM: give mutations
  1175 | D:2      | Lost mutation: You sometimes lose the ability to read
                  | scrolls when taking damage. [Xom's mischief]
  1175 | D:2      | Gained mutation: Your magical capacity is low. (-10% MP)
                  | [Xom's mischief]
  1566 | D:2      | XOM: repel stairs
  1607 | D:2      | Found a glowing silver altar of Zin.
  1607 | D:2      | XOM: 4-stop teleportation journey
  1839 | D:2      | XOM: cloud trail
  1922 | D:2      | XOM: 5-stop teleportation journey
  1923 | D:2      | You fall into a shaft and drop 1 floor!
  2249 | D:3      | XOM is BORED!
  2497 | D:3      | Reached skill level 5 in Fighting
  2497 | D:3      | Reached XP level 5. HP: 42/42 MP: 6/6
  3235 | D:4      | Noticed an ogre
  3254 | D:4      | XOM: polymorph ogre -> ogre
  3261 | D:4      | Killed an ogre
  3262 | D:4      | Reached skill level 6 in Fighting
  3262 | D:4      | Reached XP level 6. HP: 40/50 MP: 7/7
  3537 | D:4      | Noticed a necrophage
  3540 | D:4      | XOM: cleaving
  3545 | D:4      | Killed a necrophage
  3619 | D:4      | XOM: god gift: staff of poison
  3913 | D:4      | Reached XP level 7. HP: 48/58 MP: 8/8
  4130 | D:5      | Entered Level 5 of the Dungeon
  4197 | D:5      | Reached skill level 7 in Fighting
  4364 | D:5      | Found a hazy altar of Hepliaklqana.
  4400 | D:5      | XOM: silly message
  4464 | D:5      | Noticed Ijyb
  4474 | D:5      | Killed Ijyb
  4568 | D:5      | XOM: 2-stop teleportation journey
  4581 | D:5      | XOM: cloud trail
  4745 | D:5      | Found a snail-covered altar of Cheibriados.
  5030 | D:5      | Reached skill level 8 in Fighting
  5030 | D:5      | Reached XP level 8. HP: 46/67 MP: 9/9
  5152 | D:5      | Noticed Dowan
  5153 | D:5      | Noticed Duvessa
  5161 | D:5      | XOM: summons friendly neqoxec
  5163 | D:5      | Killed Dowan
  5165 | D:5      | HP: 3/67 [Duvessa (17)]
  5166 | D:5      | Mangled by Duvessa

Illustrated notes

Levels and vault maps discovered:
D:1:      lightli_arrival_isolated_outpost, layout_basic, st_stairs_10,
          hangedman_decor_diamond_cutter, minmay_misc_feat_iff,
          corexii_leaking_fountain, minmay_3d_cube
D:2:      layout_loops_corners, basic_altar, ebering_ecumenical_altar_webs,
          minmay_pentomino_z4
D:3:      layout_loops_corners, minmay_misc_feat_rows
D:4:      layout_loops_cross
D:5:      layout_loops_ring, slow_altar_2, nicolae_overflow_crystal_walls,
          uniq_duvessa, uniq_ijyb

Skill      XL: |  1  2  3  4  5  6  7 |
---------------+----------------------+-----
Spellcasting   | 1 |  1.7
Fighting       | 4 5 6 8 |  8.3
Dodging        | 3 4 |  4.4
Polearms       | |  3.0

Action                   |  1- 3 |  4- 6 |  7- 9 || total
-------------------------+-------+-------+-------++-------
Melee: Spear             |    37 |       |       ||    37
       Constrict         |    18 |    24 |    11 ||    53
       Tentacles         |    11 |    28 |    16 ||    55
       Dagger            |    34 |   112 |    56 ||   202
  Use: Potion            |       |     1 |     2 ||     3
 Stab: Sleeping          |     5 |     6 |     5 ||    16
Armor: Skin              |     6 |     6 |     1 ||    13
Dodge: Dodged            |    30 |    67 |    37 ||   134

Table legend: (Time is in decaauts)
 A = Elapsed time spent in this place.
 B = Non-inter-level travel time spent in this place.
 C = Inter-level travel time spent in this place.
 D = Time resting spent in this place.
 E = Time spent auto-exploring this place.
 F = Levels seen in this place.
 G = Mean time per level.
                   A        B        C        D        E       F      G
               +--------+--------+--------+--------+--------+-----+--------+
         Total |   5172 |   5013 |    159 |   1230 |   3157 |   5 | 1034.4 |
       Dungeon |   5172 |   5013 |    159 |   1230 |   3157 |   5 | 1034.4 |
               +--------+--------+--------+--------+--------+-----+--------+

Top non-repeatable levels by time:
     D:4: 1169 daAuts
     D:1: 1048 daAuts
     D:5: 1044 daAuts
     D:3: 1037 daAuts
     D:2: 871 daAuts
